 Dungeon Crawl Stone Soup version 0.21-a0-529-g8c7b3f5 (webtiles) character file.

55 slep the Chopper (level 3, 0/28 HPs)
             Began as a Demonspawn Gladiator on Dec 10, 2017.
             Slain by Sigmund
             ... wielding a +2 scythe of venom
              (7 damage)
             ... on level 2 of the Dungeon.
             The game lasted 00:04:40 (1309 turns).

slep the Chopper (Demonspawn Gladiator)             Turns: 1309, Time: 00:04:41

Health: 0/28       AC:  5    Str: 15    XL:     3   Next: 67%
Magic:  3/3        EV: 13    Int:  9    God:
Gold:   39         SH:  0    Dex: 14    Spells: 2/2 levels left

rFire    . . .     SeeInvis .   a - +0 war axe
rCold    + . .     Gourm    .   (no shield)
rNeg     . . .     Faith    .   q - +1 robe {rC+}
rPois    +         Spirit   .   e - +2 hat
rElec    .         Reflect  .   (no cloak)
rCorr    .         Harm     .   (no gloves)
MR       .....                  (no boots)
Stlth    +.........             (no amulet)
HPRegen  0.09/turn              g - ring of poison resistance
MPRegen  0.08/turn              i - ring of wizardry

@: confused
A: rot immunity
a: no special abilities


You were on level 2 of the Dungeon.
You were hungry.

You visited 1 branch of the dungeon, and saw 2 of its levels.

You collected 39 gold pieces.

Inventory:

Hand Weapons
 a - a +0 war axe (weapon)
Armour
 b - a +0 leather armour
 c - a +0 helmet
 e - a +2 hat (worn)
 q - a +1 robe of cold resistance (worn)
Jewellery
 g - a ring of poison resistance (left hand)
 i - a ring of wizardry (right hand)
Scrolls
 l - 2 scrolls of identify {unknown}
Potions
 h - a potion of degeneration {unknown}
 j - a potion of agility {unknown}
 m - 2 potions of invisibility {unknown}
 n - a potion of heal wounds {unknown}
 o - a potion of cancellation {unknown}
 p - a potion of might {unknown}
Comestibles
 f - 5 bread rations
 k - 2 meat rations


   Skills:
 + Level 2.3 Fighting
 + Level 3.5 Axes
 + Level 2.1 Throwing
 + Level 0.5 Armour
 + Level 3.0 Dodging


You had 2 spell levels left.
You didn't know any spells.

Dungeon Overview and Level Annotations

Branches:
Dungeon (2/15)

Altars:

Annotations:
D:2 Sigmund


Innate Abilities, Weirdness & Mutations

You are immune to rotting.


Message History

You barely miss Sigmund.
Sigmund is severely wounded.
Sigmund points at you and mumbles some strange words.
You are confused.
Sigmund casts a spell at you. The puff of flame hits you!
You see here a dagger.
You bump into the rock wall.
Sigmund says, "Now you see me, now you don't..."
Sigmund misses you.
You're too confused to move!
Sigmund gestures at you while chanting. The puff of flame hits you!
* * * LOW HITPOINT WARNING * * *
You miss Sigmund.
Sigmund is severely wounded.
Sigmund barely misses you.
You're too confused to move!
Sigmund hits you with a scythe of venom!
You die...

### #.. #.#
#.# ###.### #
... #.....#.#
#.# ##
#.###.#.#.#.#
#.# #.#
#.....@@..(#
#.# #.#
#.###.#)#.###
#.# #.#
#..?..# #.#
#.# ###)###
#.# #.# #.#
#†# ###
#.#####.# #.#
..# ##..)...#
####.########
#.###.#######
#...........##
#.#.##
#.##...<......


You could see Sigmund.

Vanquished Creatures
  An adder (D:2)
  2 leopard geckos (D:1)
  6 bats
  3 giant cockroaches
  4 goblins
  6 hobgoblins
  6 jackals
  6 frilled lizards (D:1)
  4 kobolds
  3 rats (D:1)
41 creatures vanquished.

Notes
Turn   | Place    | Note
-------+----------+-------------------------------------------
     0 | D:1      | slep the Demonspawn Gladiator began the quest for the Orb.
     0 | D:1      | Reached XP level 1. HP: 16/16 MP: 1/1
    98 | D:1      | Gained mutation: You are immune to rotting. [demonic ancestry]
    98 | D:1      | Reached XP level 2. HP: 11/22 MP: 2/2
   155 | D:1      | HP: 1/22 [goblin/dagger (1)]
   859 | D:1      | Reached XP level 3. HP: 24/27 MP: 3/3
  1283 | D:2      | Noticed Sigmund
  1309 | D:2      | Slain by Sigmund

Vault maps used:
D:1:      roderic_chinese_lattice_arrival, minmay_ruptured
D:2:      grunt_gozag_statues, first_bread, serial_park_tiny_1, uniq_sigmund

Skill      XL: |  1  2 |
---------------+-------+-----
Axes           | 3 |  3.5
Throwing       | 2 |  2.1
Dodging        | 3 |  3.0
Fighting       | |  2.3
Armour         | |  0.5

Action                   || total
-------------------------++-------
Melee: War axe           ||   127
Throw: Throwing net      ||     3
 Stab: Sleeping          ||     3
  Eat: Chunk             ||     1
Armor: Leather armour    ||    26
       Robe              ||     2
Dodge: Dodged            ||   112

Table legend:
 A = Spawn XP
 B = Non-spawn XP
 C = Spawn XP percentage of total XP
 D = Spawn monster count
 E = Non-spawn monster count
 F = Spawn count percentage of total count
 G = Total turns spent on level
                    A         B        C        D         E        F      G
               +---------+---------+-------+---------+---------+-------+---------
         Total |       0 |      79 |   0.0 |       0 |      41 |   0.0 |  1309
               +---------+---------+-------+---------+---------+-------+---------
           D:1 |       0 |      45 |   0.0 |       0 |      29 |   0.0 |  1044
           D:2 |       0 |      34 |   0.0 |       0 |      12 |   0.0 |   265
               +---------+---------+-------+---------+---------+-------+---------
